 Dungeon Crawl Stone Soup version 0.31.0-32-g396128a36d (webtiles) character file.

Game seed: 5912344363153549066

71 KKCryptic the Changeling (level 4, -5/28 HPs)
             Began as an Octopode Shapeshifter on Mar 29, 2024.
             Slain by Grinder (9 damage)
             ... while paralysed by Grinder
             ... on level 3 of the Dungeon.
             The game lasted 00:04:53 (1678 turns).

KKCryptic the Changeling (Octopode Shapeshifter)    Turns: 1678, Time: 00:04:53

Health: -5/28      AC:  1    Str: 13    XL:     4   Next: 24%
Magic:  4/4        EV:  2    Int: 12    God:
Gold:   123        SH:  0    Dex: 13    Spells: 3/3 levels left

rFire   . . .        e - +1 dagger (venom)
rCold   . . .        (no shield)
rNeg    . . .        (helmet currently unavailable)
rPois   .            n - amulet of magic regeneration
rElec   .            (no ring)
rCorr   .            (no ring)
SInv    .            (no ring)
Will    .....        (no ring)
Stlth   +++          (no ring)
HPRegen 0.24/turn    (no ring)
MPRegen 0.49/turn    (no ring)
                     (no ring)

%: no passive effects
@: paralysed, brilliant, beast-form
A: beast (slay +2), almost no armour, amphibious, 8 rings, camouflage 1,
gelatinous body 1, (nimble swimmer 1), tentacles
a: Begin Untransformation


You were on level 3 of the Dungeon.
You were a hulking beast.
You visited 1 branch of the dungeon, and saw 3 of its levels.

You collected 123 gold pieces.

Inventory:

Hand Weapons
 e - a +1 dagger of venom (weapon)
Missiles
 h - 2 darts of dispersal
 j - 11 poisoned darts
 l - 8 boomerangs (quivered)
Jewellery
 i - an amulet of faith
 n - an amulet of magic regeneration (around mantle)
Talismans
 b - a beast talisman
 c - a flux talisman
 o - a granite talisman
Scrolls
 d - 3 scrolls of teleportation {unknown}
 f - 4 scrolls of identify {unknown}
 g - a scroll of enchant weapon {unknown}
 m - a scroll of enchant armour {unknown}
 p - a scroll of vulnerability {unknown}
Potions
 k - 3 potions of brilliance


   Skills:
 - Level 1.0 Fighting
 + Level 1.1 Short Blades
 + Level 0.7 Throwing
 - Level 2.0 Dodging
 + Level 2.1 Stealth
 + Level 3.4 Unarmed Combat
 * Level 3.7 Shapeshifting


You had 3 spell levels left.
You didn't know any spells.
Your spell library was empty.

Dungeon Overview and Level Annotations

Branches:
Dungeon (3/15)

Altars:

Annotations:
D:3 Grinder


Innate Abilities, Weirdness & Mutations

You are a hulking beast.
Your limbs bulge with bestial killing power. (Slay +2)
You cannot wear most types of armour.
You are amphibious.
You can wear up to eight rings at the same time.
Your skin changes colour to match your surroundings (Stealth+).
Your rubbery body absorbs attacks. (AC +1, EV +1)
((You are camouflaged when in or above water. (Stealth+)))
You have tentacles for arms and can constrict up to eight enemies at once.


Message History

You hit Grinder.
Grinder is lightly wounded.
Your transformation is almost over.
Grinder hits you but does no damage.
You hit Grinder.
Grinder is lightly wounded.
Grinder hits you but does no damage.
You hit Grinder but do no damage.
Grinder is lightly wounded.
Grinder blinks!
Grinder blinks!
Grinder says, "DUCK!"
Grinder blinks!
You closely miss Grinder.
Grinder is lightly wounded.
Grinder hits you but does no damage.
You hit Grinder.
Grinder is lightly wounded.
You hit Grinder but do no damage.
Grinder is lightly wounded.
Grinder hits you.
You writhe in agony.
You hit Grinder but do no damage.
Grinder is poisoned.
Grinder is lightly wounded.
You feel less wooden.
You turn into a hulking beast.
Grinder hits you.
You writhe in agony.
* * * LOW HITPOINT WARNING * * *
It was a potion of brilliance.
You feel clever all of a sudden. Grinder hits you.
* * * LOW HITPOINT WARNING * * *
You writhe in agony.
* * * LOW HITPOINT WARNING * * *
You completely miss Grinder. You grab Grinder.
Grinder is lightly wounded.
You constrict Grinder, but do no damage.
Grinder gestures at you.
You suddenly lose the ability to move!
You lose your grip on Grinder.
Grinder hits you!
You die...
Grinder says, "Hey, I wasn't done torturing you yet!"

#######... # #.......#
###.######.#######
...)....#...########
#.......#.........
#####.#...###.....
#.................
#.#.###.###.##.####.###.
#......h5...##.# #.# #.
###.###.######.# #.# #.
...# #.# #.# #. ##### #.
#.# #. #. ♣♣♣ ♣♣


You could see Grinder (poisoned).

Vanquished Creatures
  An adder (D:2)
  A dart slug (D:3)
  A ribbon worm (D:2)
  5 orcs (D:2)
  3 ball pythons
  7 bats
  5 endoplasms
  3 giant cockroaches (D:2)
  3 hobgoblins (D:1)
  4 jackals
  6 kobolds
  2 quokkas
  3 frilled lizards
  3 rats (D:2)
47 creatures vanquished.

Notes
Turn   | Place    | Note
-------+----------+-------------------------------------------
     0 | D:1      | KKCryptic the Octopode Shapeshifter began the quest for the
                  | Orb.
     0 | D:1      | Reached XP level 1. HP: 13/13 MP: 1/1
   130 | D:1      | Reached XP level 2. HP: 18/18 MP: 2/2
   142 | D:1      | Reached skill level 1 in Stealth
   755 | D:2      | Reached XP level 3. HP: 23/23 MP: 3/3
   806 | D:2      | HP: 1/23 [orc/+1 war axe of electrocution (11)]
   982 | D:2      | Found a faded altar of an unknown god.
   982 | D:2      | Noticed a shining eye
   985 | D:2      | Noticed an eye of devastation
   985 | D:2      | Noticed a shining eye
   985 | D:2      | Noticed a shining eye
  1067 | D:2      | Reached skill level 1 in Short Blades
  1271 | D:2      | Reached XP level 4. HP: 28/28 MP: 4/4
  1655 | D:3      | Noticed Grinder
  1677 | D:3      | Paralysed by Grinder for 2 turns
  1678 | D:3      | Slain by Grinder

Illustrated notes

Levels and vault maps discovered:
D:1:      nagdon_arrival_double_spiral, layout_loops_ring
D:2:      layout_loops_ring, hellmonk_ecumenical_altar_watching_god,
          minmay_tiny_reverse_x
D:3:      layout_loops_ring, grunt_qazlal_clouds, serial_shops,
          nicolae_shop_peninsula, uniq_grinder, uniq_jessica, uniq_ijyb

Skill      XL: |  1  2  3 |
---------------+----------+-----
Stealth        | 1 2 |  2.1
Short Blades   | 1 |  1.1
Fighting       | |  1.0
Throwing       | |  0.7
Dodging        | |  2.0
Unarmed Combat | |  3.4
Shapeshifting  | |  3.7

Action                     |  1- 3 |  4- 6 || total
---------------------------+-------+-------++-------
  Melee: Unarmed           |     9 |       ||     9
         Dagger            |    63 |    20 ||    83
         Constrict         |    17 |     3 ||    20
         Tentacles         |    18 |     1 ||    19
         Punch             |     1 |       ||     1
    Use: Potion            |     1 |     2 ||     3
   Stab: Sleeping          |    13 |     1 ||    14
         Distracted        |     1 |       ||     1
 Armour: Skin              |    25 |    14 ||    39
  Dodge: Dodged            |    32 |     2 ||    34
